 Dungeon Crawl Stone Soup version 0.29-a0-721-g7f417c9bbb (webtiles) character file.

Game seed: 7654688999285758583

2 crusatyr the Ducker (level 1, 0/15 HPs)
             Began as a Naga Wanderer on June 28, 2022.
             Slain by a rat (2 damage)
             ... on level 1 of the Dungeon.
             The game lasted 00:00:20 (46 turns).

crusatyr the Ducker (Naga Wanderer)                   Turns: 46, Time: 00:00:21

Health: 0/15       AC:  1    Str: 12    XL:     1   Next: 30%
Magic:  3/3        EV: 10    Int: 13    God:
Gold:   14         SH:  0    Dex: 11    Spells: 4/4 levels left

rFire   . . .      SeeInvis +   a - +0 club
rCold   . . .      Faith    .   (no shield)
rNeg    . . .      Spirit   .   e - +0 leather armour
rPois   +          Reflect  .   (no helmet)
rElec   .          Harm     .   (no cloak)
rCorr   .          Rampage  .   (no gloves)
Will    .....                   (no barding)
Stlth   +.........              (no amulet)
HPRegen 0.05/turn               (no ring)
MPRegen 0.08/turn               (no ring)

@: very slow
A: AC +0, large, see invisible, deformed body, poison resistance, slowness 2,
spit poison 1, naga tail 1
a: Spit Poison


You were on level 1 of the Dungeon.
You visited 1 branch of the dungeon, and saw 1 of its levels.

You collected 14 gold pieces.

Inventory:

Hand Weapons
 a - a +0 club (weapon)
Missiles
 b - 3 throwing nets (quivered)
Armour
 e - a +0 leather armour (worn)
Scrolls
 d - a scroll of blinking
 g - a scroll of teleportation {unknown}
Potions
 c - a potion of attraction
 f - a potion of berserk rage {unknown}


   Skills:
 - Level 1.0 Armour
 - Level 4.1 Dodging
 * Level 1.2 Stealth
 - Level 2.0 Spellcasting
 - Level 2.0 Evocations


You had 4 spell levels left.
You didn't know any spells.
Your spell library was empty.

Dungeon Overview and Level Annotations

Branches:
Dungeon (1/15)

Altars:


Innate Abilities, Weirdness & Mutations

Your serpentine skin is tough. (AC +0)
You have supernaturally acute eyesight. (SInv)
Armour fits poorly on your strangely shaped body.
Your system is resistant to poisons. (rPois)
You cover ground very slowly.
You can spit poison.
You have a snake-like lower body.


Message History

The endoplasm quivers.
A ball python comes into view.
You see here 16 gold pieces.
You hit the endoplasm but do no damage.
The ball python hisses angrily.
A rat comes into view.
The endoplasm hits you but does no damage.
You hit the endoplasm.
The endoplasm is heavily wounded.
The endoplasm hits you but does no damage.
The endoplasm hits you.
You completely miss the endoplasm.
The endoplasm is heavily wounded.
The endoplasm closely misses you.
You hit the endoplasm.
The endoplasm is severely wounded.
The endoplasm hits you.
The ball python bites you but does no damage.
The endoplasm barely misses you. The ball python bites you.
The ball python attacks as you move away!
The ball python bites you.
You closely miss the ball python.
The ball python bites you but does no damage.
The ball python bites you.
You hit the ball python.
The ball python is severely wounded.
The ball python bites you.
* * * LOW HITPOINT WARNING * * *
You hit the ball python.
You kill the ball python!
You hit the endoplasm.
You kill the endoplasm!
Your Stealth skill increases to level 1!
You barely miss the rat. The rat barely misses you.
You barely miss the rat. The rat bites you.
* * * LOW HITPOINT WARNING * * *
You hit the rat but do no damage. The rat closely misses you.
The rat bites you.
You die...

.♣.....# .......# ......###
......∩.# ......###
........## .⌠.......#
.........############
.........##.....@r.$#
.........∩..#######........
.....♣...##................
#.......##.###..........."#
∩......♣##. #########..#
###.♣.♣ #. .# #### #. . #.
#.


You could see a rat.

Vanquished Creatures
  An endoplasm (D:1)
  A ball python (D:1)
2 creatures vanquished.

Notes
Turn   | Place    | Note
-------+----------+-------------------------------------------
     0 | D:1      | crusatyr the Naga Wanderer began the quest for the Orb.
     0 | D:1      | crusatyr set off with the following items: a +0 club, 3
                  | throwing nets, a potion of attraction, a scroll of
                  | blinking, a +0 leather armour.
     0 | D:1      | Reached XP level 1. HP: 15/15 MP: 3/3
    44 | D:1      | Reached skill level 1 in Stealth
    46 | D:1      | Slain by a rat

Illustrated notes

Levels and vault maps discovered:
D:1:      nzn_arrival_settlement, layout_loops_ring,
          ebering_ecumenical_altar_webs, minmay_bisected

Skill      XL: |  1 |
---------------+----+-----
Stealth        | 1 |  1.2
Armour         | |  1.0
Dodging        | |  4.1
Spellcasting   | |  2.0
Evocations     | |  2.0

Action                   || total
-------------------------++-------
Melee: Club              ||    11
Armor: Leather armour    ||     4
Dodge: Dodged            ||     4

Table legend: (Time is in decaauts)
 A = Elapsed time spent in this place.
 B = Non-inter-level travel time spent in this place.
 C = Inter-level travel time spent in this place.
 D = Time resting spent in this place.
 E = Time spent auto-exploring this place.
 F = Levels seen in this place.
 G = Mean time per level.
                   A        B        C        D        E       F      G
               +--------+--------+--------+--------+--------+-----+--------+
         Total |     62 |     62 |      0 |      0 |     37 |   1 |   62.0 |
       Dungeon |     62 |     62 |      0 |      0 |     37 |   1 |   62.0 |
               +--------+--------+--------+--------+--------+-----+--------+

Top non-repeatable levels by time:
     D:1: 62 daAuts
